 Dungeon Crawl Stone Soup version 0.30-a0-802-gb92711bcdf (webtiles) character file.

Game seed: 374390618257074501

160 retardedninja the Shield-Bearer (level 5, -3/47 HPs)
             Began as a Gnoll Fighter on Feb 23, 2023.
             Slain by a gnoll
             ... wielding a +0 flail
              (5 damage)
             ... on level 4 of the Dungeon.
             The game lasted 00:02:55 (2895 turns).

retardedninja the Shield-Bearer (Gnoll Fighter)     Turns: 2895, Time: 00:02:56

Health: -3/47      AC:  7    Str: 18    XL:     5   Next: 41%
Magic:  7/7        EV:  9    Int:  7    God:
Gold:   175        SH:  5    Dex: 11    Spells: 7/7 levels left

rFire   . . .      SeeInvis .    a - +0 flail
rCold   . . .      Faith    .    c - +0 buckler
rNeg    . . .      Spirit   .    b - +0 scale mail
rPois   .          Reflect  .    (no helmet)
rElec   .          Harm     .    (no cloak)
rCorr   .          Rampage  .    (no gloves)
Will    .....                    (no boots) Stlth
                                 (no amulet)
HPRegen 0.27/turn                (no ring)
MPRegen 0.10/turn                (no ring)

@: invisible
A: fangs 1, strong nose, distributed training
a: no special abilities


You were on level 4 of the Dungeon.
You visited 1 branch of the dungeon, and saw 4 of its levels.

You collected 175 gold pieces.

Inventory:

Hand Weapons
 a - a +0 flail (weapon)
Armour
 b - a +0 scale mail (worn)
 c - a +0 buckler (worn)
 d - a +2 helmet
Jewellery
 f - an amulet of faith
 r - an amulet of magic regeneration
 s - an amulet of faith
Scrolls
 e - a scroll of immolation
 g - 2 scrolls of identify {unknown}
 h - 2 scrolls of blinking {unknown}
 k - 2 scrolls of enchant armour {unknown}
 l - 2 scrolls of amnesia {unknown}
Potions
 i - a potion of mutation {unknown}
 j - a potion of curing {unknown}
 m - a potion of brilliance {unknown}
 n - a potion of flight {unknown}
 p - a potion of invisibility
 q - a potion of lignification {unknown}
 t - a potion of cancellation {unknown}


   Skills:
 + Level 6.7 Fighting
 + Level 1.5 Short Blades
 + Level 1.5 Long Blades
 + Level 1.5 Axes
 + Level 4.8 Maces & Flails
 + Level 1.5 Polearms
 + Level 1.5 Staves
 + Level 1.5 Ranged Weapons
 + Level 1.5 Throwing
 + Level 6.7 Armour
 + Level 1.5 Dodging
 + Level 1.5 Stealth
 + Level 6.7 Shields
 + Level 1.5 Unarmed Combat
 + Level 1.5 Spellcasting
 + Level 1.2 Conjurations
 + Level 1.2 Hexes
 + Level 1.2 Summonings
 + Level 1.2 Necromancy
 + Level 1.2 Translocations
 + Level 1.2 Transmutations
 + Level 1.2 Fire Magic
 + Level 1.2 Ice Magic
 + Level 1.2 Air Magic
 + Level 1.2 Earth Magic
 + Level 1.2 Poison Magic
 + Level 1.7 Invocations
 + Level 1.5 Evocations


You had 7 spell levels left.
You didn't know any spells.
Your spell library contained the following spells:

 Spells                   Type           Power      Damage    Failure   Level
 Sandblast                Erth           4%         2d4       65%         1
 Passwall                 Tmut/Erth      1%         N/A       78%         2
 Stone Arrow              Conj/Erth      4%         3d7       95%         3


Dungeon Overview and Level Annotations

Branches:
Dungeon (4/15)
 Temple: D:4-7

Altars:
Fedhas
Trog
Xom

Shops:
D:2 (

Annotations:
D:3 1 runed translucent door, tarna41's ghost, amateur MiBe


Innate Abilities, Weirdness & Mutations

You have very sharp teeth.
Your uncanny sense of smell can sniff out nearby items.
Your experience applies equally to all skills.


Message History

The kobold closely misses you.
The gnoll hits you from afar with a +0 halberd.
The kobold hits you with a +0 whip. The gnoll misses you.
You barely miss the kobold. You bite the kobold.
You kill the kobold!
The gnoll barely misses you.
A gnoll comes into view. It is wielding a +0 flail.
The gnoll hits you with a +0 halberd.
* * * LOW HITPOINT WARNING * * *
Things that are here:
a +0 whip; 2 stones You feel much better.
The gnoll hits you with a +0 halberd!
You completely miss the gnoll. You bite the gnoll, but do no damage.
The gnoll hits you with a +0 halberd.
You hit the gnoll but do no damage. The gnoll closely misses you.
You hit the gnoll.
The gnoll is moderately wounded.
The gnoll hits you with a +0 halberd!
* * * LOW HITPOINT WARNING * * *
The gnoll barely misses you.
You barely miss the gnoll. Your bite misses the gnoll.
The gnoll is lightly wounded.
The gnoll hits you with a +0 halberd.
* * * LOW HITPOINT WARNING * * *
It was a potion of invisibility.
You fade into invisibility!
The gnoll hits you with a +0 halberd.
* * * LOW HITPOINT WARNING * * *
Okay, then.
You thump the gnoll!
You kill the gnoll!
You thump the goblin!
You kill the goblin!
You barely miss the gnoll. The gnoll hits you with a +0 flail.
* * * LOW HITPOINT WARNING * * *
You catch the helpless gnoll completely off-guard!
You hit the gnoll.
The gnoll is moderately wounded.
The gnoll hits you with a +0 flail.
You die...

#. ##.###
.....###### ∆ #
#.>....####### #.
#.............
#.###.####.######.
#.....# #.# #
####..##
#.######.####
......#
#.....@g$...#
####..#
########.##.#
......# ..
#####.####.. ∆ #.#
#............ #
#.###.####... #.#
#.# #.###.##.
.........


You could see a gnoll (unable to see you).

Vanquished Creatures
  Robin (D:4)
  A gnoll (D:4)
  2 adders (D:2)
  3 dart slugs
  2 worms (D:3)
  6 orcs
  5 ball pythons
  8 endoplasms
  3 giant cockroaches
  16 goblins
  15 hobgoblins
  8 jackals
  A quokka (D:2)
  2 bats (D:1)
  3 frilled lizards
  8 kobolds
  7 rats
91 creatures vanquished.

Notes
Turn   | Place    | Note
-------+----------+-------------------------------------------
     0 | D:1      | retardedninja the Gnoll Fighter began the quest for the
                  | Orb.
     0 | D:1      | Reached XP level 1. HP: 23/23 MP: 1/1
   227 | D:1      | Reached XP level 2. HP: 29/29 MP: 2/2
   950 | D:1      | Reached XP level 3. HP: 35/35 MP: 3/3
  1284 | D:2      | Reached skill level 1 in Invocations
  1395 | D:2      | Reached skill level 1 in Short Blades
  1395 | D:2      | Reached skill level 1 in Long Blades
  1395 | D:2      | Reached skill level 1 in Axes
  1395 | D:2      | Reached skill level 1 in Polearms
  1395 | D:2      | Reached skill level 1 in Staves
  1395 | D:2      | Reached skill level 1 in Ranged Weapons
  1395 | D:2      | Reached skill level 1 in Throwing
  1395 | D:2      | Reached skill level 1 in Dodging
  1395 | D:2      | Reached skill level 1 in Stealth
  1395 | D:2      | Reached skill level 1 in Unarmed Combat
  1395 | D:2      | Reached skill level 1 in Spellcasting
  1395 | D:2      | Reached skill level 1 in Evocations
  1425 | D:2      | Reached XP level 4. HP: 33/41 MP: 5/5
  1651 | D:2      | Found Meceima's Weapon Shop.
  1760 | D:3      | Identified the +8 dagger "Alezac" {venom, Will++ Str-5 SInv
                  | Stlth+}
  1787 | D:3      | Reached skill level 1 in Conjurations
  1787 | D:3      | Reached skill level 1 in Hexes
  1787 | D:3      | Reached skill level 1 in Summonings
  1787 | D:3      | Reached skill level 1 in Necromancy
  1787 | D:3      | Reached skill level 1 in Translocations
  1787 | D:3      | Reached skill level 1 in Transmutations
  1787 | D:3      | Reached skill level 1 in Fire Magic
  1787 | D:3      | Reached skill level 1 in Ice Magic
  1787 | D:3      | Reached skill level 1 in Air Magic
  1787 | D:3      | Reached skill level 1 in Earth Magic
  1787 | D:3      | Reached skill level 1 in Poison Magic
  1972 | D:3      | Found a runed translucent door.
  1972 | D:3      | Noticed tarna41's ghost (amateur MiBe)
  1972 | D:3      | Noticed a kobold brigand
  2118 | D:3      | Found a bloodstained altar of Trog.
  2118 | D:3      | Found a shimmering altar of Xom.
  2119 | D:3      | Found a blossoming altar of Fedhas.
  2335 | D:4      | Reached XP level 5. HP: 47/47 MP: 7/7
  2468 | D:4      | Noticed Robin
  2514 | D:4      | Killed Robin
  2894 | D:4      | HP: 2/47 [gnoll/+0 flail (6)]
  2895 | D:4      | Slain by a gnoll

Illustrated notes

Levels and vault maps discovered:
D:1:      saegor_arrival_under_anarchy, layout_basic, minmay_crystal_water
D:2:      layout_loops_cross, serial_shops, nicolae_shop_behind_doors
D:3:      corexii_shack_village, layout_rooms, gammafunk_temple_overflow_claw,
          serial_glass, glass_columns_c, glass_columns_a, glass_columns_b,
          glass_columns_b, ebering_ghost_inner_flame
D:4:      layout_loops_ring, minmay_temple_entry_butterflies, dk_noncrumbling_4,
          uniq_sigmund, uniq_robin

Skill      XL: |  1  2  3  4 |
---------------+-------------+-----
Invocations    | 1 |  1.7
Short Blades   | 1 |  1.5
Long Blades    | 1 |  1.5
Axes           | 1 |  1.5
Polearms       | 1 |  1.5
Staves         | 1 |  1.5
Ranged Weapons | 1 |  1.5
Throwing       | 1 |  1.5
Dodging        | 1 |  1.5
Stealth        | 1 |  1.5
Unarmed Combat | 1 |  1.5
Spellcasting   | 1 |  1.5
Evocations     | 1 |  1.5
Conjurations   | 1 |  1.2
Hexes          | 1 |  1.2
Summonings     | 1 |  1.2
Necromancy     | 1 |  1.2
Translocations | 1 |  1.2
Transmutations | 1 |  1.2
Fire Magic     | 1 |  1.2
Ice Magic      | 1 |  1.2
Air Magic      | 1 |  1.2
Earth Magic    | 1 |  1.2
Poison Magic   | 1 |  1.2
Fighting       | |  6.7
Maces & Flails | |  4.8
Armour         | |  6.7
Shields        | |  6.7

Action                     |  1- 3 |  4- 6 || total
---------------------------+-------+-------++-------
  Melee: Flail             |    89 |   156 ||   245
         Bite              |     3 |    12 ||    15
    Use: Potion            |       |     4 ||     4
   Stab: Invisible         |       |     1 ||     1
 Armour: Scale mail        |    33 |    87 ||   120
  Dodge: Dodged            |    33 |   106 ||   139
  Block: Buckler           |    22 |    53 ||    75

Table legend: (Time is in decaauts)
 A = Elapsed time spent in this place.
 B = Non-inter-level travel time spent in this place.
 C = Inter-level travel time spent in this place.
 D = Time resting spent in this place.
 E = Time spent auto-exploring this place.
 F = Levels seen in this place.
 G = Mean time per level.
                   A        B        C        D        E       F      G
               +--------+--------+--------+--------+--------+-----+--------+
         Total |   2945 |   2908 |     37 |    352 |   2046 |   4 |  736.2 |
       Dungeon |   2945 |   2908 |     37 |    352 |   2046 |   4 |  736.2 |
               +--------+--------+--------+--------+--------+-----+--------+

Top non-repeatable levels by time:
     D:1: 1097 daAuts
     D:3: 655 daAuts
     D:2: 617 daAuts
     D:4: 575 daAuts
